Workbook

Sheet Checkbook Register
A1: Checkbook Register and Balance
A2: Beginning Balance | B2: 2500 | C2: Account Name | D2: Personal Checking | E2: As of Date | F2: =MAX(A7:A106)
A6: Date | B6: Check / Ref # | C6: Payee / Description | D6: Category | E6: Type | F6: Location | G6: Cleared? | H6: Debit | I6: Credit | J6: Net Change | K6: Running Balance | L6: Status
A7: 46027 | B7: DEP-0105 | C7: Payroll Deposit - Michael Johnson | D7: Income | E7: Deposit | F7: Austin, TX | G7: Yes | I7: 4250 | J7: =IF(COUNTA(A7:I7)=0,"",I7-H7) | K7: =IF(COUNTA(A7:I7)=0,"",'Checkbook Register'!$B$2+SUM($J$7:J7)) | L7: =IF(COUNTA(A7:I7)=0,"",IF(G7="Yes","Cleared","Outstanding"))
A8: 46028 | B8: ACH-0106 | C8: Jennifer Lee Property Management | D8: Housing | E8: ACH | F8: Austin, TX | G8: Yes | H8: 1650 | J8: =IF(COUNTA(A8:I8)=0,"",I8-H8) | K8: =IF(COUNTA(A8:I8)=0,"",'Checkbook Register'!$B$2+SUM($J$7:J8)) | L8: =IF(COUNTA(A8:I8)=0,"",IF(G8="Yes","Cleared","Outstanding"))
A9: 46031 | B9: DC-0109 | C9: H-E-B Grocery Store | D9: Groceries | E9: Debit Card | F9: Austin, TX | G9: Yes | H9: 184.62 | J9: =IF(COUNTA(A9:I9)=0,"",I9-H9) | K9: =IF(COUNTA(A9:I9)=0,"",'Checkbook Register'!$B$2+SUM($J$7:J9)) | L9: =IF(COUNTA(A9:I9)=0,"",IF(G9="Yes","Cleared","Outstanding"))
A10: 46035 | B10: ACH-0113 | C10: Austin Energy Electric Bill | D10: Utilities | E10: ACH | F10: Austin, TX | G10: Yes | H10: 126.48 | J10: =IF(COUNTA(A10:I10)=0,"",I10-H10) | K10: =IF(COUNTA(A10:I10)=0,"",'Checkbook Register'!$B$2+SUM($J$7:J10)) | L10: =IF(COUNTA(A10:I10)=0,"",IF(G10="Yes","Cleared","Outstanding"))
A11: 46039 | B11: DC-0117 | C11: Shell Fuel and Denver Dining | D11: Transportation | E11: Debit Card | F11: Denver, CO | G11: No | H11: 76.35 | J11: =IF(COUNTA(A11:I11)=0,"",I11-H11) | K11: =IF(COUNTA(A11:I11)=0,"",'Checkbook Register'!$B$2+SUM($J$7:J11)) | L11: =IF(COUNTA(A11:I11)=0,"",IF(G11="Yes","Cleared","Outstanding"))
A12: 46044 | B12: 1042 | C12: Emily Carter | D12: Other | E12: Check | F12: Columbus, OH | G12: Yes | H12: 275 | J12: =IF(COUNTA(A12:I12)=0,"",I12-H12) | K12: =IF(COUNTA(A12:I12)=0,"",'Checkbook Register'!$B$2+SUM($J$7:J12)) | L12: =IF(COUNTA(A12:I12)=0,"",IF(G12="Yes","Cleared","Outstanding"))
A13: 46055 | B13: DEP-0202 | C13: Robert Smith Consulting | D13: Income | E13: Deposit | F13: Phoenix, AZ | G13: Yes | I13: 900 | J13: =IF(COUNTA(A13:I13)=0,"",I13-H13) | K13: =IF(COUNTA(A13:I13)=0,"",'Checkbook Register'!$B$2+SUM($J$7:J13)) | L13: =IF(COUNTA(A13:I13)=0,"",IF(G13="Yes","Cleared","Outstanding"))
A14: 46061 | B14: ACH-0208 | C14: Spectrum Internet Payment | D14: Utilities | E14: ACH | F14: Austin, TX | G14: No | H14: 79.99 | J14: =IF(COUNTA(A14:I14)=0,"",I14-H14) | K14: =IF(COUNTA(A14:I14)=0,"",'Checkbook Register'!$B$2+SUM($J$7:J14)) | L14: =IF(COUNTA(A14:I14)=0,"",IF(G14="Yes","Cleared","Outstanding"))
A15: 46067 | B15: TRF-0214 | C15: Transfer from Savings | D15: Transfers | E15: Transfer | F15: Austin, TX | G15: Yes | I15: 500 | J15: =IF(COUNTA(A15:I15)=0,"",I15-H15) | K15: =IF(COUNTA(A15:I15)=0,"",'Checkbook Register'!$B$2+SUM($J$7:J15)) | L15: =IF(COUNTA(A15:I15)=0,"",IF(G15="Yes","Cleared","Outstanding"))
A16: 46073 | B16: ATM-0220 | C16: ATM Withdrawal - Sarah Williams | D16: Fees | E16: Debit Card | F16: Nashville, TN | G16: No | H16: 120 | J16: =IF(COUNTA(A16:I16)=0,"",I16-H16) | K16: =IF(COUNTA(A16:I16)=0,"",'Checkbook Register'!$B$2+SUM($J$7:J16)) | L16: =IF(COUNTA(A16:I16)=0,"",IF(G16="Yes","Cleared","Outstanding"))
J17: =IF(COUNTA(A17:I17)=0,"",I17-H17) | K17: =IF(COUNTA(A17:I17)=0,"",'Checkbook Register'!$B$2+SUM($J$7:J17)) | L17: =IF(COUNTA(A17:I17)=0,"",IF(G17="Yes","Cleared","Outstanding"))
J18: =IF(COUNTA(A18:I18)=0,"",I18-H18) | K18: =IF(COUNTA(A18:I18)=0,"",'Checkbook Register'!$B$2+SUM($J$7:J18)) | L18: =IF(COUNTA(A18:I18)=0,"",IF(G18="Yes","Cleared","Outstanding"))
J19: =IF(COUNTA(A19:I19)=0,"",I19-H19) | K19: =IF(COUNTA(A19:I19)=0,"",'Checkbook Register'!$B$2+SUM($J$7:J19)) | L19: =IF(COUNTA(A19:I19)=0,"",IF(G19="Yes","Cleared","Outstanding"))
J20: =IF(COUNTA(A20:I20)=0,"",I20-H20) | K20: =IF(COUNTA(A20:I20)=0,"",'Checkbook Register'!$B$2+SUM($J$7:J20)) | L20: =IF(COUNTA(A20:I20)=0,"",IF(G20="Yes","Cleared","Outstanding"))
J21: =IF(COUNTA(A21:I21)=0,"",I21-H21) | K21: =IF(COUNTA(A21:I21)=0,"",'Checkbook Register'!$B$2+SUM($J$7:J21)) | L21: =IF(COUNTA(A21:I21)=0,"",IF(G21="Yes","Cleared","Outstanding"))
J22: =IF(COUNTA(A22:I22)=0,"",I22-H22) | K22: =IF(COUNTA(A22:I22)=0,"",'Checkbook Register'!$B$2+SUM($J$7:J22)) | L22: =IF(COUNTA(A22:I22)=0,"",IF(G22="Yes","Cleared","Outstanding"))
J23: =IF(COUNTA(A23:I23)=0,"",I23-H23) | K23: =IF(COUNTA(A23:I23)=0,"",'Checkbook Register'!$B$2+SUM($J$7:J23)) | L23: =IF(COUNTA(A23:I23)=0,"",IF(G23="Yes","Cleared","Outstanding"))
J24: =IF(COUNTA(A24:I24)=0,"",I24-H24) | K24: =IF(COUNTA(A24:I24)=0,"",'Checkbook Register'!$B$2+SUM($J$7:J24)) | L24: =IF(COUNTA(A24:I24)=0,"",IF(G24="Yes","Cleared","Outstanding"))
J25: =IF(COUNTA(A25:I25)=0,"",I25-H25) | K25: =IF(COUNTA(A25:I25)=0,"",'Checkbook Register'!$B$2+SUM($J$7:J25)) | L25: =IF(COUNTA(A25:I25)=0,"",IF(G25="Yes","Cleared","Outstanding"))
J26: =IF(COUNTA(A26:I26)=0,"",I26-H26) | K26: =IF(COUNTA(A26:I26)=0,"",'Checkbook Register'!$B$2+SUM($J$7:J26)) | L26: =IF(COUNTA(A26:I26)=0,"",IF(G26="Yes","Cleared","Outstanding"))
J27: =IF(COUNTA(A27:I27)=0,"",I27-H27) | K27: =IF(COUNTA(A27:I27)=0,"",'Checkbook Register'!$B$2+SUM($J$7:J27)) | L27: =IF(COUNTA(A27:I27)=0,"",IF(G27="Yes","Cleared","Outstanding"))
J28: =IF(COUNTA(A28:I28)=0,"",I28-H28) | K28: =IF(COUNTA(A28:I28)=0,"",'Checkbook Register'!$B$2+SUM($J$7:J28)) | L28: =IF(COUNTA(A28:I28)=0,"",IF(G28="Yes","Cleared","Outstanding"))
... J106: =IF(COUNTA(A106:I106)=0,"",I106-H106) | K106: =IF(COUNTA(A106:I106)=0,"",'Checkbook Register'!$B$2+SUM($J$7:J106)) | L106: =IF(COUNTA(A106:I106)=0,"",IF(G106="Yes","Cleared","Outstanding"))

Sheet Summary Dashboard
A1: Checkbook Register Summary Dashboard
A5: Key Metrics | D5: Cash Flow Comparison
A6: Beginning Balance | B6: ='Checkbook Register'!$B$2 | D6: Type | E6: Amount
A7: Total Deposits | B7: =SUM('Checkbook Register'!$I$7:$I$106) | D7: Total Deposits | E7: =B7
A8: Total Debits | B8: =SUM('Checkbook Register'!$H$7:$H$106) | D8: Total Debits | E8: =B8
A9: Current Balance | B9: ='Checkbook Register'!$B$2+SUM('Checkbook Register'!$J$7:$J$106)
A10: Average Debit | B10: =IFERROR(AVERAGE('Checkbook Register'!$H$7:$H$106),0)
A11: Cleared Transactions | B11: =COUNTIF('Checkbook Register'!$G$7:$G$106,"Yes")
A12: Outstanding Transactions | B12: =COUNTIF('Checkbook Register'!$G$7:$G$106,"No")
A13: Debit Spending by Category | B13: =IFERROR(COUNTIF('Checkbook Register'!$G$7:$G$106,"Yes")/COUNTA('Checkbook Register'!$A$7:$A$106),0)
A14: Category | B14: Total Debits | C14: Transaction Count | D14: Average Debit | E14: Share of Debits | F14: Budget Guidance
A15: Housing | B15: =SUMIF('Checkbook Register'!$D$7:$D$106,A15,'Checkbook Register'!$H$7:$H$106) | C15: =COUNTIF('Checkbook Register'!$D$7:$D$106,A15) | D15: =IFERROR(B15/C15,0) | E15: =IFERROR(B15/$B$25,0) | F15: =IFERROR(VLOOKUP(A15,'Lists & Instructions'!$A$5:$B$14,2,FALSE),"")
A16: Groceries | B16: =SUMIF('Checkbook Register'!$D$7:$D$106,A16,'Checkbook Register'!$H$7:$H$106) | C16: =COUNTIF('Checkbook Register'!$D$7:$D$106,A16) | D16: =IFERROR(B16/C16,0) | E16: =IFERROR(B16/$B$25,0) | F16: =IFERROR(VLOOKUP(A16,'Lists & Instructions'!$A$5:$B$14,2,FALSE),"")
A17: Utilities | B17: =SUMIF('Checkbook Register'!$D$7:$D$106,A17,'Checkbook Register'!$H$7:$H$106) | C17: =COUNTIF('Checkbook Register'!$D$7:$D$106,A17) | D17: =IFERROR(B17/C17,0) | E17: =IFERROR(B17/$B$25,0) | F17: =IFERROR(VLOOKUP(A17,'Lists & Instructions'!$A$5:$B$14,2,FALSE),"")
A18: Transportation | B18: =SUMIF('Checkbook Register'!$D$7:$D$106,A18,'Checkbook Register'!$H$7:$H$106) | C18: =COUNTIF('Checkbook Register'!$D$7:$D$106,A18) | D18: =IFERROR(B18/C18,0) | E18: =IFERROR(B18/$B$25,0) | F18: =IFERROR(VLOOKUP(A18,'Lists & Instructions'!$A$5:$B$14,2,FALSE),"")
A19: Dining | B19: =SUMIF('Checkbook Register'!$D$7:$D$106,A19,'Checkbook Register'!$H$7:$H$106) | C19: =COUNTIF('Checkbook Register'!$D$7:$D$106,A19) | D19: =IFERROR(B19/C19,0) | E19: =IFERROR(B19/$B$25,0) | F19: =IFERROR(VLOOKUP(A19,'Lists & Instructions'!$A$5:$B$14,2,FALSE),"")
A20: Entertainment | B20: =SUMIF('Checkbook Register'!$D$7:$D$106,A20,'Checkbook Register'!$H$7:$H$106) | C20: =COUNTIF('Checkbook Register'!$D$7:$D$106,A20) | D20: =IFERROR(B20/C20,0) | E20: =IFERROR(B20/$B$25,0) | F20: =IFERROR(VLOOKUP(A20,'Lists & Instructions'!$A$5:$B$14,2,FALSE),"")
A21: Fees | B21: =SUMIF('Checkbook Register'!$D$7:$D$106,A21,'Checkbook Register'!$H$7:$H$106) | C21: =COUNTIF('Checkbook Register'!$D$7:$D$106,A21) | D21: =IFERROR(B21/C21,0) | E21: =IFERROR(B21/$B$25,0) | F21: =IFERROR(VLOOKUP(A21,'Lists & Instructions'!$A$5:$B$14,2,FALSE),"")
A22: Transfers | B22: =SUMIF('Checkbook Register'!$D$7:$D$106,A22,'Checkbook Register'!$H$7:$H$106) | C22: =COUNTIF('Checkbook Register'!$D$7:$D$106,A22) | D22: =IFERROR(B22/C22,0) | E22: =IFERROR(B22/$B$25,0) | F22: =IFERROR(VLOOKUP(A22,'Lists & Instructions'!$A$5:$B$14,2,FALSE),"")
A23: Income | B23: =SUMIF('Checkbook Register'!$D$7:$D$106,A23,'Checkbook Register'!$H$7:$H$106) | C23: =COUNTIF('Checkbook Register'!$D$7:$D$106,A23) | D23: =IFERROR(B23/C23,0) | E23: =IFERROR(B23/$B$25,0) | F23: =IFERROR(VLOOKUP(A23,'Lists & Instructions'!$A$5:$B$14,2,FALSE),"")
A24: Other | B24: =SUMIF('Checkbook Register'!$D$7:$D$106,A24,'Checkbook Register'!$H$7:$H$106) | C24: =COUNTIF('Checkbook Register'!$D$7:$D$106,A24) | D24: =IFERROR(B24/C24,0) | E24: =IFERROR(B24/$B$25,0) | F24: =IFERROR(VLOOKUP(A24,'Lists & Instructions'!$A$5:$B$14,2,FALSE),"")
A25: Total Debits | B25: =SUM(B15:B24) | C25: =SUM(C15:C24) | D25: =IFERROR(B25/C25,0) | E25: =SUM(E15:E24) | F25: All listed categories

Sheet Lists & Instructions
A1: Lists and Instructions
A3: Categories and Budget Guidance | D3: Transaction Types | F3: Cleared? Values
A4: Category | B4: Budget Guidance | D4: Transaction Type | F4: Cleared?
A5: Housing | B5: Track rent or mortgage payments and review recurring charges. | D5: Deposit | F5: Yes
A6: Groceries | B6: Monitor supermarket, household, and food market spending. | D6: Check | F6: No
A7: Utilities | B7: Track electric, water, gas, internet, and phone bills. | D7: Debit Card
A8: Transportation | B8: Track fuel, parking, rideshare, and public transit expenses. | D8: ACH
A9: Dining | B9: Review restaurant, coffee, delivery, and takeout purchases. | D9: Fee
A10: Entertainment | B10: Monitor subscriptions, events, streaming, and hobbies. | D10: Transfer
A11: Fees | B11: Review ATM, bank, service, and account-related charges.
A12: Transfers | B12: Track movement of funds between savings and checking.
A13: Income | B13: Record payroll, freelance, refunds, and other incoming funds.
A14: Other | B14: Use for expenses that do not fit another category.
A18: User Instructions
A19: 1. Enter the beginning balance in Checkbook Register cell B2.
A20: 2. Enter one transaction per row in the Checkbook Register.
A21: 3. Record deposits in Credit and payments or withdrawals in Debit, not both.
A22: 4. Use Cleared? to reconcile the account against the bank statement.
A23: 5. Do not overwrite formula columns J through L.
A24: 6. Review outstanding transactions before confirming the balance.
A25: 7. Dates must use U.S. format MM/DD/YYYY; currency must use U.S. dollar formatting.
A26: 8. Use the Summary Dashboard to review cash flow, debit spending, and outstanding items.
